 Dungeon Crawl Stone Soup version 0.30-a0-702-gdf48620a09 (webtiles) character file.

Game seed: 10050243447644433266

4899 voltaire321 the Destroyer (level 10, -5/86 HPs)
             Began as a Green Draconian Conjurer on Jan 22, 2023.
             Was a Believer of Vehumet.
             Killed by the air
             ... invoked by Gastronok
              (24 damage)
             ... on level 8 of the Dungeon.
             The game lasted 00:35:24 (9727 turns).

voltaire321 the Destroyer (DrCj)                    Turns: 9727, Time: 00:35:25

Health: -5/86      AC:  9    Str:  9    XL:     10   Next: 27%
Magic:  1/20       EV: 13    Int: 24    God:    Vehumet [**....]
Gold:   530        SH:  0    Dex:  9    Spells: 13/22 levels left

rFire   + + .      SeeInvis +    c - +1 dagger (venom)
rCold   + . .      Faith    .    (no shield)
rNeg    . . .      Spirit   .    (body armour unavailable)
rPois   +          Reflect  .    (helmet restricted)
rElec   .          Harm     .    v - scarf {rC+ rF+}
rCorr   .          Rampage  .    (no gloves)
Will    .....                    o - +1 pair of boots "Xutzinar" {SInv}
Stlth   ++                       (no amulet)
HPRegen 0.34/turn                h - ring of see invisible
MPRegen 0.17/turn                q - ring of protection from fire

@: slowed, very slow
A: breathe noxious fumes, AC +7, unfitting armour, poison resistance,
cold-blooded
a: Breathe Noxious Fumes, Renounce Religion


You were on level 8 of the Dungeon.
You worshipped Vehumet.
Vehumet was pleased with you.
You visited 2 branches of the dungeon, and saw 9 of its levels.
You also visited: Sewer and Bailey.

You collected 530 gold pieces.

Inventory:

Hand Weapons
 c - a +1 dagger of venom (weapon)
 s - a +1 whip of freezing
Missiles
 D - 7 curare-tipped darts
Armour
 o - the +1 pair of boots "Xutzinar" (worn) {SInv}
   (You acquired it on level 7 of the Dungeon)

   SInv:      It lets you see invisible.
 v - a scarf of resistance (worn)
Jewellery
 h - a ring of see invisible (left hand)
 p - a ring of fire
 q - a ring of protection from fire (right hand)
Wands
 z - a wand of paralysis (6)
 A - a wand of roots (8)
Scrolls
 d - 4 scrolls of amnesia
 e - a scroll of fog
 g - 3 scrolls of identify
 k - 6 scrolls of teleportation
 m - a scroll of immolation
 t - a scroll of poison
 y - a scroll of magic mapping
Potions
 a - a potion of magic
 b - 2 potions of might
 i - a potion of cancellation
 l - 2 potions of resistance
 n - a potion of lignification
 r - a potion of berserk rage {unknown}
 u - 5 potions of flight
 w - a potion of mutation
 B - a potion of haste {unknown}
 E - 3 potions of attraction
 F - 2 potions of ambrosia
 G - a potion of invisibility {unknown}


   Skills:
 + Level 7.1 Fighting
 + Level 6.8 Dodging
 - Level 3.3 Stealth
 + Level 6.9 Spellcasting
 + Level 8.3 Conjurations
 + Level 3.0 Air Magic
 + Level 3.4 Poison Magic


You had 13 spell levels left.
You knew the following spells:

 Your Spells              Type           Power      Damage    Failure   Level
a - Magic Dart            Conj           100%       1d8       1%          1
b - Searing Ray           Conj           96%        2d7       1%          2
c - Poisonous Vapours     Pois/Air       48%        N/A       2%          2
d - Iskenderun's Mystic   Conj/Tloc      28%        2d7       13%         4

Your spell library contained the following spells:

 Spells                   Type           Power      Damage    Failure   Level
 Momentum Strike          Conj/Tloc      56%        3d9       1%          2
 Mephitic Cloud           Conj/Pois/Air  32%        N/A       2%          3
 Dazzling Flash           Conj/Hex       56%        N/A       3%          3
 Blink                    Tloc           16%        N/A       11%         2
 Call Imp                 Summ           8%         N/A       11%         2
 Lesser Beckoning         Tloc           16%        N/A       11%         2
 Fulminant Prism          Conj/Hex       14%        3d8       13%         4
 Gell's Gravitas          Tloc           8%         N/A       22%         3
 Teleport Other           Tloc           8%         N/A       22%         3


Dungeon Overview and Level Annotations

Branches:
Dungeon (8/15)             Temple (1/1) D:4           Sewer (visited)
 Bailey (visited)
   Lair: D:8-11

Altars:
Cheibriados
Dithmenos
Gozag
Makhleb
Nemelex Xobeh
Okawaru
Sif Muna
Trog
Vehumet
Wu Jian
Xom
The Shining One

Annotations:
D:7 1 runed translucent door, brightshaft's ghost, novice GrFE
D:8 Amaemon; Gastronok


Innate Abilities, Weirdness & Mutations

You can breathe blasts of noxious fumes.
Your lurid green scales are hard. (AC +7)
You cannot fit into any form of body armour.
Your system is resistant to poisons. (rPois)
You are cold-blooded and may be slowed by cold attacks.


Message History

You completely miss Gastronok. You tail-slap Gastronok.
Gastronok is severely wounded.
You hit Gastronok.
Gastronok is severely wounded.
Gastronok bites you!
You feel much better.
You completely miss Gastronok.
Gastronok is almost dead.
Gastronok looks at you while chanting.
You feel yourself slow down.
You hit Gastronok but do no damage.
Gastronok looks as sick as possible!
You tail-slap Gastronok.
Gastronok is almost dead.
Gastronok bites you!!
You hit Gastronok but do no damage.
Gastronok looks as sick as possible!
Gastronok is almost dead.
You completely miss Gastronok.
Gastronok is almost dead.
Gastronok sloshes about.
Gastronok bites you!!
* * * LOW HITPOINT WARNING * * *
Casting: Searing Ray (safe; 1% risk of failure)
Confirm with . or Enter, or press ? or * to list all spells.
Aiming: Searing Ray (safe; 1% risk of failure)
Press: ? - help, Shift-Dir - straight line, f/p - Gastronok
Aim: Gastronok, wearing a +2 hat of stealth (almost dead, covering ground quickly, extremely poisoned, 100% to hit)
The searing ray hits Gastronok.
Gastronok is almost dead. (Press . to maintain the ray.) Gastronok casts a spell at you.
You feel as though you will be slow longer.
The searing ray hits Gastronok.
Gastronok is almost dead.
You hit Gastronok but do no damage.
Gastronok looks as sick as possible!
You tail-slap Gastronok.
Gastronok is almost dead.
Gastronok is no longer moving quickly.
Gastronok waves his eye-stalks in wide circles.
The air twists around and strikes you!!
You die...

#........#
#........#
###........#
#..........#
.....)....
.$.......
)#####....####
.......w.....#
#......@....#
#.....[[)...#
#...#####)####
#.# #)<..# .#
. ####.## #.#
#..# #.#
##.### #.#
#...### #.#
###.^.####.#


You could see Gastronok (extremely poisoned).

Vanquished Creatures
  Erica (D:8)
  An orc knight (Bailey)
  Pikel (D:4)
  Sigmund (D:2)
  A wyvern (D:7)
  A water moccasin (D:5)
  A sky beast (D:8)
  2 orc warriors
  A black bear (D:7)
  3 ice beasts
  An ogre (D:6)
  A centaur (D:5)
  A phantom (D:6)
  8 kobold brigands
  2 necrophages
  A bullfrog (D:6)
  A gnoll sergeant (D:7)
  A scorpion (D:4)
  5 wights (D:8)
  A howler monkey (D:5)
  2 jellies
  4 hounds
  5 orc priests
  A gnoll bouda (D:7)
  2 iguanas (D:6)
  4 orc wizards (D:5)
  15 adders
  9 gnolls
  3 river rats (Sewer)
  2 shadow imps
  A white imp (D:5)
  An ufetubus (D:3)
  4 worms
  2 dart slugs
  20 orcs
  9 ball pythons
  6 endoplasms
  2 giant cockroaches
  11 goblins
  5 hobgoblins
  10 jackals
  8 quokkas
  18 bats
  6 frilled lizards
  23 kobolds
  8 rats
216 creatures vanquished.

Notes
Turn   | Place    | Note
-------+----------+-------------------------------------------
     0 | D:1      | voltaire321 the Draconian Conjurer began the quest for the
                  | Orb.
     0 | D:1      | Reached XP level 1. HP: 14/14 MP: 3/3
   222 | D:1      | Reached XP level 2. HP: 14/20 MP: 1/5
   346 | D:1      | Learned a level 2 spell: Searing Ray
   882 | D:2      | Reached XP level 3. HP: 26/26 MP: 4/6
   950 | D:2      | Noticed Sigmund
  1001 | D:2      | Killed Sigmund
  1002 | D:2      | Reached XP level 4. HP: 19/33 MP: 1/8
  1002 | D:2      | Reached XP level 5. HP: 22/38 MP: 1/9
  1925 | D:3      | Reached skill level 5 in Conjurations
  2055 | D:3      | Reached XP level 6. HP: 43/45 MP: 11/11
  2290 | D:3      | Found a faded altar of an unknown god.
  2631 | D:4      | Found a staircase to the Ecumenical Temple.
  2639 | Temple   | Entered the Ecumenical Temple
  2648 | Temple   | Became a worshipper of Vehumet
  2824 | D:4      | Reached skill level 1 in Fighting
  3142 | D:4      | Noticed Pikel
  3180 | D:4      | HP: 2/47 [Pikel/+1 whip of freezing (1)]
  3181 | D:4      | Killed Pikel
  3182 | D:4      | Your scales start taking on a lurid green colour.
  3182 | D:4      | Reached XP level 7. HP: 4/57 MP: 7/13
  3182 | D:4      | Gained mutation: Your system is resistant to poisons.
                  | (rPois) [Green Draconian growth]
  3429 | D:4      | Reached skill level 6 in Conjurations
  3635 | D:5      | Entered Level 5 of the Dungeon
  3734 | D:5      | Found a glowing drain.
  3749 | Sewer    | Entered a sewer
  3986 | Sewer    | Reached * piety under Vehumet
  3986 | Sewer    | Offered knowledge of Sandblast by Vehumet.
  4758 | D:5      | Reached XP level 8. HP: 46/63 MP: 14/14
  5226 | D:5      | Reached skill level 5 in Spellcasting
  5401 | D:5      | Reached skill level 5 in Dodging
  5989 | D:6      | Offered knowledge of Freeze by Vehumet.
  6084 | D:5      | Reached ** piety under Vehumet
  6207 | D:6      | Reached skill level 5 in Fighting
  6269 | D:6      | Reached skill level 7 in Conjurations
  6497 | D:6      | Reached XP level 9. HP: 52/74 MP: 13/17
  7096 | D:7      | Found a flagged portal.
  7113 | Bailey   | Entered a bailey
  7383 | Bailey   | Offered knowledge of Poisonous Vapours by Vehumet.
  7586 | Bailey   | Learned a level 2 spell: Poisonous Vapours
  7591 | Bailey   | Learned a level 4 spell: Iskenderun's Mystic Blast
  7815 | Bailey   | Noticed an orc knight
  7844 | Bailey   | Killed an orc knight
  7845 | Bailey   | Reached skill level 1 in Air Magic
  7845 | Bailey   | Reached skill level 1 in Poison Magic
  8040 | Bailey   | Found a bloodstained altar of Trog.
  8159 | D:7      | Reached skill level 8 in Conjurations
  8409 | D:7      | Found a runed translucent door.
  8409 | D:7      | Noticed brightshaft's ghost (novice GrFE)
  9073 | D:8      | Noticed an orange demon
  9076 | D:8      | Noticed Amaemon
  9132 | D:8      | Reached XP level 10. HP: 80/84 MP: 12/20
  9141 | D:8      | Noticed Erica
  9163 | D:8      | Killed Erica
  9166 | D:8      | Noticed Gastronok
  9550 | D:7      | Identified a scroll of acquirement
  9550 | D:7      | Acquired the +1 pair of boots "Xutzinar" {SInv}
  9727 | D:8      | Killed from afar by Gastronok

Illustrated notes

Levels and vault maps discovered:
D:1:      dpeg_arrival_pond, layout_basic, minmay_misc_feat_encased
D:2:      minmay_chambers_of_ones, layout_loops_ring, nrook_campfire,
          minivault_26, nicolae_concentric_dashed_squares_wild, uniq_sigmund
D:3:      layout_basic, hellmonk_ecumenical_altar_heavens_door
D:4:      layout_loops_ring, minmay_temple_entry_slanted,
          dreamdust_wishing_well, hex_tiny, uniq_pikel
D:5:      layout_basic, cheibrodos_sewer_entry_drain, due_unseen_surprise
D:6:      layout_cave_pools
D:7:      layout_loops_ring, hellmonk_ghost_happy_afterlife, enter_bailey_6
D:8:      layout_rooms, yredelemnul_forgotten_temple_becter,
          nicolae_nh_ransacked_shop, uniq_gastronok, uniq_amaemon, uniq_erica
Temple:   compressed_dpeg_triangle_lava_temple

Skill      XL: |  1  2  3  4  5  6  7  8  9 10 |
---------------+-------------------------------+-----
Stealth        | 2 3 |  3.3
Dodging        | 2 3 4 5 6 |  6.8
Spellcasting   | 3 4 5 6 |  6.9
Conjurations   | 5 6 7 8 |  8.3
Fighting       | 3 5 6 7 |  7.1
Air Magic      | 2 3 |  3.0
Poison Magic   | 2 3 |  3.4

Action                   |  1- 3 |  4- 6 |  7- 9 | 10-12 || total
-------------------------+-------+-------+-------+-------++-------
Melee: Unarmed           |    28 |       |       |       ||    28
       Tailslap          |     7 |    11 |    34 |     7 ||    59
       Dagger            |    37 |    91 |   296 |    29 ||   453
       Punch             |       |     3 |     4 |       ||     7
Throw: Dart              |       |       |     6 |       ||     6
 Cast: Magic Dart        |    44 |    38 |    99 |     7 ||   188
       Searing Ray       |     2 |     6 |    43 |    12 ||    63
  Use: Scroll            |       |       |    16 |     3 ||    19
       Potion            |       |       |     1 |     1 ||     2
 Stab: Sleeping          |       |     3 |     2 |       ||     5
Armor: Skin              |    24 |    44 |   124 |     4 ||   196
Dodge: Dodged            |    32 |    71 |   252 |    16 ||   371

Table legend: (Time is in decaauts)
 A = Elapsed time spent in this place.
 B = Non-inter-level travel time spent in this place.
 C = Inter-level travel time spent in this place.
 D = Time resting spent in this place.
 E = Time spent auto-exploring this place.
 F = Levels seen in this place.
 G = Mean time per level.
                   A        B        C        D        E       F      G
               +--------+--------+--------+--------+--------+-----+--------+
         Total |   9902 |   9728 |    174 |   2425 |   4637 |  11 |  900.2 |
       Dungeon |   7931 |   7757 |    174 |   1614 |   4159 |   8 |  991.4 |
        Temple |     18 |     18 |      0 |      0 |      0 |   1 |   18.0 |
         Sewer |    961 |    961 |      0 |    129 |    455 |   1 |  961.0 |
        Bailey |    991 |    991 |      0 |    682 |     23 |   1 |  991.0 |
               +--------+--------+--------+--------+--------+-----+--------+

Top non-repeatable levels by time:
     D:5: 1589 daAuts
     D:7: 1363 daAuts
     D:2: 1055 daAuts
     D:4: 993 daAuts
  Bailey: 991 daAuts
     D:6: 973 daAuts
   Sewer: 961 daAuts
     D:3: 802 daAuts
     D:1: 767 daAuts
     D:8: 386 daAuts
  Temple: 18 daAuts
